 Dungeon Crawl Stone Soup version 0.20-a0-1126-g0f15420 (webtiles) character file.

13 ChaseSP the Digger (level 2, 0/15 HPs)
             Began as a Gargoyle Earth Elementalist on May 18, 2017.
             Killed from afar by a dart slug (4 damage)
             ... with a slug dart
             ... on level 1 of the Dungeon.
             The game lasted 00:01:00 (99 turns).

ChaseSP the Digger (Gargoyle Earth Elementalist)      Turns: 99, Time: 00:01:01

Health: 0/15       AC:  4    Str: 11    XL:     2   Next: 37%
Magic:  0/5        EV: 12    Int: 15    God:
Gold:   10         SH:  0    Dex: 10    Spells: 4/5 levels left

rFire    . . .     SeeInvis .   (no weapon)
rCold    . . .     Gourm    .   (no shield)
rNeg     + . .     Faith    .   c - +0 robe
rPois    ∞         Spirit   .   (no helmet)
rElec    +         Reflect  .   (no cloak)
rCorr    .         Harm     .   (no gloves)
MR       .....                  (no boots)
Stlth    ++........             (no amulet)
Regen    0.1/turn               (no ring)
MPRegen  0.1/turn               (no ring)

@: no status effects
A: negative energy resistance 1, electricity resistance, unbreathing,
petrification resistance, rot immunity, AC +2
a: no special abilities


You were on level 1 of the Dungeon.
You were not hungry.

You visited 1 branch of the dungeon, and saw 1 of its levels.

You collected 10 gold pieces.

Inventory:

Missiles
 b - 25 stones (quivered)
Armour
 c - a +0 robe (worn)
Scrolls
 a - a scroll of immolation {unknown}
Books
 e - a book of Geomancy

   Spells                             Type                      Level
   a - Sandblast                      Earth                        1
   b - Passwall                       Transmutation/Earth          2
   c - Stone Arrow                    Conjuration/Earth            3
   d - Petrify                        Transmutation/Earth          4
   e - Lee's Rapid Deconstruction     Earth                        5
Comestibles
 d - a bread ration
 g - a meat ration


   Skills:
 - Level 1.5 Dodging
 - Level 2.1 Stealth
 - Level 2.0 Spellcasting
   Level 0.7 Transmutations
 * Level 4.5 Earth Magic


You had 4 spell levels left.
You knew the following spells:

 Your Spells              Type           Power        Failure   Level  Hunger
a - Sandblast             Erth           ###...       3%          1    #......


Dungeon Overview and Level Annotations

Branches:
Dungeon (1/15)

Altars:


Innate Abilities, Weirdness & Mutations

You are resistant to torment.
Your stone body is resilient. (AC +2)
You are immune to poison.
You resist negative energy. (rN+)
You are resistant to electric shocks. (rElec)
You can survive without breathing.
You are immune to petrification.
You are immune to rotting.


Message History

Aim: an ooze (heavily wounded)
You throw a steel tomahawk. The steel tomahawk hits the ooze!
You kill the ooze!
The dart slug launches a dart at you. The slug dart hits you!
* * * LOW HITPOINT WARNING * * *
Unknown command.
Casting: Sandblast
Confirm with . or Enter, or press ? or * to list all spells.
Aiming: Sandblast
Press: ? - help, Shift-Dir - straight line, f - dart slug
Aim: a dart slug (clinging)
The blast of sand hits the dart slug.
The dart slug is lightly wounded.
b - 25 stones You hit the dart slug.
The dart slug is heavily wounded.
The dart slug launches a dart at you. The slug dart hits you!
You die...

...##'''##...#..# #..#.#
...#.....#.....# #.....
...#.....#.....## #.#...
...#..<..#......# #.....
?.!#.....#.^.>#.# #....# ..
#######......## #..... .
.......#.......# ###..#
.........#.......#### ##....##.
.........#....#.@w..# ###........
#######..###.##..##(###........#.
#..# #. #####..).........# ##..
#. ####..#..#...#. #...........
###...#####. ......# . .....>...#
$...........#


You could see a dart slug.

Vanquished Creatures
  An ooze (D:1)
  A leopard gecko (D:1)
  A bat (D:1)
  A goblin (D:1)
  2 hobgoblins (D:1)
  A rat (D:1)
7 creatures vanquished.

Notes
Turn   | Place    | Note
-------+----------+-------------------------------------------
     0 | D:1      | ChaseSP the Gargoyle Earth Elementalist began the quest for the Orb.
     0 | D:1      | Reached XP level 1. HP: 10/10 MP: 3/3
    86 | D:1      | Reached skill level 4 in Earth Magic
    87 | D:1      | Reached XP level 2. HP: 6/15 MP: 1/5
    99 | D:1      | Killed from afar by a dart slug

Vault maps used:
D:1:      dpeg_arrival_windows_large_door

Skill      XL: |  1 |
---------------+----+-----
Earth Magic    | 4 |  4.5
Dodging        | |  1.5
Stealth        | |  2.1
Spellcasting   | |  2.0
Transmutations | |  0.7

Action                   || total
-------------------------++-------
Melee: Unarmed           ||    23
Throw: Tomahawk          ||     2
 Cast: Sandblast         ||     5
Armor: Robe              ||    22
Dodge: Dodged            ||    25
